 Dungeon Crawl Stone Soup version 0.30-a0-772-g5528072125 (webtiles) character file.

Game seed: 18097674003734238691

63 PLAYERX the Charlatan (level 4, 0/32 HPs)
             Began as a Gnoll Wanderer on Feb 12, 2023.
             Slain by a gnoll
             ... wielding a +0 flail
              (6 damage)
             ... on level 2 of the Dungeon.
             The game lasted 00:06:09 (1061 turns).

PLAYERX the Charlatan (Gnoll Wanderer)              Turns: 1061, Time: 00:06:09

Health: 0/32       AC:  4    Str: 12    XL:     4   Next: 10%
Magic:  8/8        EV: 11    Int: 14    God:
Gold:   118        SH:  0    Dex: 10    Spells: 8/9 levels left

rFire   . . .      SeeInvis .    a - +2 quarterstaff
rCold   . . .      Faith    .    (shield currently unavailable)
rNeg    . . .      Spirit   .    d - +0 robe
rPois   .          Reflect  .    (no helmet)
rElec   .          Harm     .    i - +1 cloak
rCorr   .          Rampage  .    (no gloves)
Will    .....                    (no boots)
Stlth   +                        (no amulet)
HPRegen 0.25/turn                (no ring)
MPRegen 0.11/turn                (no ring)

@: no status effects
A: fangs 1, strong nose, distributed training
a: no special abilities


You were on level 2 of the Dungeon.
You visited 1 branch of the dungeon, and saw 3 of its levels.

You collected 118 gold pieces.

Inventory:

Hand Weapons
 a - a +2 quarterstaff (weapon)
Armour
 d - a +0 robe (worn)
 i - a +1 cloak (worn)
Jewellery
 l - a ring of ice
 o - a +5 ring of evasion
Wands
 b - a wand of polymorph (4)
Scrolls
 c - a scroll of silence
 e - a scroll of acquirement {unknown}
 f - 2 scrolls of identify {unknown}
 g - a scroll of fear {unknown}
 j - a scroll of enchant armour {unknown}
 k - a scroll of teleportation {unknown}
 n - a scroll of brand weapon {unknown}
Potions
 h - a potion of heal wounds {unknown}
 m - a potion of brilliance {unknown}


   Skills:
 + Level 1.1 Fighting
 + Level 1.1 Short Blades
 + Level 1.1 Long Blades
 + Level 1.1 Axes
 + Level 1.1 Maces & Flails
 + Level 1.1 Polearms
 + Level 6.6 Staves
 + Level 1.1 Ranged Weapons
 + Level 2.7 Throwing
 + Level 1.1 Armour
 + Level 1.1 Dodging
 + Level 1.1 Stealth
 + Level 1.1 Shields
 + Level 1.1 Unarmed Combat
 + Level 3.0 Spellcasting
 + Level 0.8 Conjurations
 + Level 0.8 Hexes
 + Level 0.8 Summonings
 + Level 0.8 Necromancy
 + Level 0.8 Translocations
 + Level 0.8 Transmutations
 + Level 0.8 Fire Magic
 + Level 2.2 Ice Magic
 + Level 0.8 Air Magic
 + Level 0.8 Earth Magic
 + Level 0.8 Poison Magic
 + Level 2.8 Invocations
 + Level 6.6 Evocations


You had 8 spell levels left.
You knew the following spells:

 Your Spells              Type           Power      Damage    Failure   Level
a - Freeze                Ice            32%        1d5       9%          1

Your spell library contained the following spells:

 Spells                   Type           Power      Damage    Failure   Level
 Frozen Ramparts          Ice            16%        1d3       26%         3


Dungeon Overview and Level Annotations

Branches:
Dungeon (3/15)

Altars:
Kikubaaqudgha


Innate Abilities, Weirdness & Mutations

You have very sharp teeth.
Your uncanny sense of smell can sniff out nearby items.
Your experience applies equally to all skills.


Message History

You kill the endoplasm!
You sock the gnoll!
The gnoll is severely wounded.
The gnoll hits you with a +0 spear.
You barely miss the gnoll. Your bite misses the gnoll.
The gnoll is severely wounded.
The gnoll hits you with a +0 spear!
You are too injured to fight recklessly!
You are too injured to fight recklessly!
You are too injured to fight recklessly!
You barely miss the gnoll.
The gnoll is severely wounded.
The gnoll hits you with a +0 spear.
You closely miss the gnoll.
The gnoll is severely wounded.
The gnoll closely misses you.
You sock the gnoll!
You kill the gnoll!
Your Spellcasting skill increases to level 3!
You have reached level 4!
You feel clever.
You start resting.
A gnoll comes into view. It is wielding a +0 flail.
You are too injured to fight recklessly!
You are too injured to fight recklessly!
You are too injured to fight recklessly!
A gnoll comes into view. It is wielding a +2 spear of flaming.
The gnoll shouts!
You hear a shout!
A hobgoblin comes into view. It is carrying a wand of flame (15).
You sock the gnoll!
The gnoll is severely wounded.
The gnoll hits you with a +0 flail.
You hit the gnoll but do no damage.
The gnoll is severely wounded.
The gnoll hits you from afar with a +2 spear of flaming!
* * * LOW HITPOINT WARNING * * *
The gnoll burns you.
* * * LOW HITPOINT WARNING * * *
The gnoll hits you with a +0 flail.
You die...

.# .. #. ### g## #.# #..
.. ##..####.# .#
∆.###...##..∆
........###g## .#..~..#.
#........g..# ..~~~..
#......).@#.. ..~..
#.........##.### ...###
#.........##...## #.##.##
#.........####..###.##..##
#.........<.<............#
#............###.#####....
#.>.......##...#.### ####.
#.........####..<..## ##
#.........# ###....##


You could see 2 gnolls and a hobgoblin.

Vanquished Creatures
  A gnoll (D:2)
  An adder (D:3)
  An ufetubus (D:2)
  2 dart slugs (D:1)
  5 endoplasms
  2 giant cockroaches
  7 goblins
  A hobgoblin (D:2)
  2 jackals (D:2)
  3 kobolds (D:1)
  A ball python (D:2)
  4 bats (D:1)
  A frilled lizard (D:1)
  2 rats (D:1)
33 creatures vanquished.

Notes
Turn   | Place    | Note
-------+----------+-------------------------------------------
     0 | D:1      | PLAYERX the Gnoll Wanderer began the quest for the Orb.
     0 | D:1      | PLAYERX set off with the following items: a +2
                  | quarterstaff, a wand of polymorph (4), a scroll of silence,
                  | a +0 robe; and the following spell memorised: Freeze; and
                  | the following spells available to memorise: Frozen
                  | Ramparts.
     0 | D:1      | Reached XP level 1. HP: 13/13 MP: 4/4
   135 | D:1      | Reached XP level 2. HP: 16/19 MP: 5/5
   180 | D:1      | Found a faded altar of an unknown god.
   717 | D:1      | Reached XP level 3. HP: 19/25 MP: 7/7
   932 | D:2      | You fall into a shaft and drop 1 floor!
   932 | D:3      | Found an ancient bone altar of Kikubaaqudgha.
   966 | D:3      | Reached skill level 1 in Fighting
   966 | D:3      | Reached skill level 1 in Short Blades
   966 | D:3      | Reached skill level 1 in Long Blades
   966 | D:3      | Reached skill level 1 in Axes
   966 | D:3      | Reached skill level 1 in Maces & Flails
   966 | D:3      | Reached skill level 1 in Polearms
   966 | D:3      | Reached skill level 1 in Ranged Weapons
   966 | D:3      | Reached skill level 1 in Armour
   966 | D:3      | Reached skill level 1 in Dodging
   966 | D:3      | Reached skill level 1 in Stealth
   966 | D:3      | Reached skill level 1 in Shields
   966 | D:3      | Reached skill level 1 in Unarmed Combat
  1052 | D:2      | Reached XP level 4. HP: 14/32 MP: 8/8
  1061 | D:2      | Slain by a gnoll

Illustrated notes

Levels and vault maps discovered:
D:1:      amcnicky_arrival_wind_blow, layout_basic,
          chequers_ecumenical_altar_simple_redux
D:2:      layout_rooms, amcnicky_mini_pool_small
D:3:      layout_basic, okawaru_trees_1, mainiacjoe_overflow_small_starburst,
          mainiacjoe_overflow_cross_hatched

Skill      XL: |  1  2  3 |
---------------+----------+-----
Ice Magic      | 2 |  2.2
Fighting       | 1 |  1.1
Short Blades   | 1 |  1.1
Long Blades    | 1 |  1.1
Axes           | 1 |  1.1
Maces & Flails | 1 |  1.1
Polearms       | 1 |  1.1
Ranged Weapons | 1 |  1.1
Armour         | 1 |  1.1
Dodging        | 1 |  1.1
Stealth        | 1 |  1.1
Shields        | 1 |  1.1
Unarmed Combat | 1 |  1.1
Spellcasting   | 3 |  3.0
Staves         | |  6.6
Throwing       | |  2.7
Conjurations   | |  0.8
Hexes          | |  0.8
Summonings     | |  0.8
Necromancy     | |  0.8
Translocations | |  0.8
Transmutations | |  0.8
Fire Magic     | |  0.8
Air Magic      | |  0.8
Earth Magic    | |  0.8
Poison Magic   | |  0.8
Invocations    | |  2.8
Evocations     | |  6.6

Action                     |  1- 3 |  4- 6 || total
---------------------------+-------+-------++-------
  Melee: Quarterstaff      |    89 |     2 ||    91
         Bite              |     5 |       ||     5
 Armour: Robe              |    28 |       ||    28
  Dodge: Dodged            |    64 |       ||    64

Table legend: (Time is in decaauts)
 A = Elapsed time spent in this place.
 B = Non-inter-level travel time spent in this place.
 C = Inter-level travel time spent in this place.
 D = Time resting spent in this place.
 E = Time spent auto-exploring this place.
 F = Levels seen in this place.
 G = Mean time per level.
                   A        B        C        D        E       F      G
               +--------+--------+--------+--------+--------+-----+--------+
         Total |   1058 |   1058 |      0 |      5 |    483 |   3 |  352.7 |
       Dungeon |   1058 |   1058 |      0 |      5 |    483 |   3 |  352.7 |
               +--------+--------+--------+--------+--------+-----+--------+

Top non-repeatable levels by time:
     D:1: 845 daAuts
     D:2: 110 daAuts
     D:3: 102 daAuts
